 Dungeon Crawl Stone Soup version 0.21-a0-19-g210df22 (webtiles) character file.

227 tof the Sneak (level 6, -5/42 HPs)
             Began as an Octopode Assassin on May 24, 2017.
             Slain by an orc warrior
             ... wielding a +0 hand axe
              (16 damage)
             ... on level 3 of the Dungeon.
             The game lasted 00:12:03 (4005 turns).

tof the Sneak (Octopode Assassin)                   Turns: 4005, Time: 00:12:04

Health: -5/42      AC:  1    Str: 10      XL:     6   Next: 2%
Magic:  6/6        EV: 14    Int: 10 (13) God:
Gold:   119        SH:  0    Dex: 14 (16) Spells: 5/5 levels left

rFire    . . .     SeeInvis .   a - +2 short sword (venom)
rCold    . . .     Gourm    .   (no shield)
rNeg     . . .     Faith    .   (helmet restricted)
rPois    .         Spirit   .   u - amulet of magic regeneration
rElec    .         Reflect  .   j - ring of flight
rCorr    .         Harm     .   (no ring)
MR       .....                  (no ring)
Stlth    ++++......             (no ring)
Regen    0.2/turn               (no ring)
MPRegen  0.2/turn               (no ring)
                                (no ring)
                                (no ring)

@: no status effects
A: almost no armour, stealthy swim, amphibious, 8 rings, constrict 8, camouflage
1, gelatinous body 1
a: Evoke Flight


You were on level 3 of the Dungeon.
You were not hungry.

You visited 1 branch of the dungeon, and saw 3 of its levels.
You also visited: Sewer.

You collected 119 gold pieces.

Inventory:

Hand Weapons
 a - a +2 short sword of venom (weapon)
 b - a +0 blowgun
 e - a +1 dagger of venom
 o - a +4 short sword
 q - a +2 dagger
Missiles
 c - 20 poisoned needles
 d - 2 curare-tipped needles
Jewellery
 j - a ring of flight (left tentacle)
 u - an amulet of magic regeneration (around mantle)
Wands
 s - a wand of polymorph (10/24)
Scrolls
 g - 2 scrolls of blinking
 i - 6 scrolls of teleportation {unknown}
 l - 3 scrolls of identify
 m - a scroll of remove curse {unknown}
 p - a scroll of recharging {unknown}
 r - a scroll of noise {unknown}
Potions
 f - 2 potions of curing {unknown}
 k - a potion of might {unknown}
Comestibles
 h - 2 royal jellies
 n - 3 chunks of flesh
 t - a meat ration
 v - a bread ration


   Skills:
 + Level 3.2 Fighting
 + Level 3.1 Short Blades
 + Level 2.9 Throwing
 + Level 2.6 Dodging
 + Level 6.7 Stealth


You had 5 spell levels left.
You didn't know any spells.

Dungeon Overview and Level Annotations

Branches:
Dungeon (3/15)

Altars:
Gozag
Qazlal
Trog


Innate Abilities, Weirdness & Mutations

You cannot wear most types of armour.
You are very stealthy in the water. (Stealth+)
You are amphibious.
You can wear up to eight rings at the same time.
You can use your tentacles to constrict eight enemies at once.
Your skin changes colour to match your surroundings (Stealth+).
Your rubbery body absorbs attacks. (AC +1, EV +1)


Message History

You shoot a poisoned needle.
The poisoned needle hits the orc warrior.
The orc warrior looks even sicker.
Your +2 short sword of venom begins to drip with poison!
a - a +2 short sword of venom (weapon)
The orc warrior hits you with a hand axe.
The orc warrior misses you.
The orc warrior hits you with a hand axe!
* * * LOW HITPOINT WARNING * * *
The orc warrior looks more healthy.
You hit the orc warrior.
The orc warrior is poisoned.
You grab the orc warrior.
You squeeze the orc warrior, but do no damage.
The orc warrior is almost dead.
You constrict the orc warrior, but do no damage.
The orc warrior hits you but does no damage.
You barely miss the orc warrior.
The orc warrior is almost dead.
You constrict the orc warrior, but do no damage.
The orc warrior hits you with a hand axe!
You die...

##.....##*,,,,,**#.# #.# #_..
#.......#,,,,,,,*#.# #.# #...
#.......#,,,,,,,*#.# #.# ####..#
#.......#,,,,,,,##.###.# #..##⌠#
##.....##*,,,,,##...##.## #.#####
##.).## **,,,*#...>....###.# *
####'#######+###....##..((..# *
..........[......#.####.###.# *
...............o@#.# #.# #(#####
..(..............#.# #.# #.(....
####'#######+##....# #.# ####.##
*#...#* **,,,##.### #.# #...
*#..$..#**,,,,,### #.# ####
#.......#,,,,,,,* #.#
#.......#,,,,,,,*######.#
#...$...#,,,,,,,*#......# #####
##.....##*,,,,,###.##########....


You could see an orc warrior.

Vanquished Creatures
  Jessica (D:2)
  Natasha (thrice) (D:3)
  Terence (D:3)
  2 adders (Sewer)
  A worm (D:2)
  2 dart slugs
  3 leopard geckos
  6 orcs (D:3)
  2 giant cockroaches (D:1)
  8 goblins
  3 hobgoblins
  6 jackals
  A quokka (D:2)
  6 ball pythons
  6 bats
  7 frilled lizards
  13 kobolds
  7 rats
  A plant (Sewer)
79 creatures vanquished.

Notes
Turn   | Place    | Note
-------+----------+-------------------------------------------
     0 | D:1      | tof the Octopode Assassin began the quest for the Orb.
     0 | D:1      | Reached XP level 1. HP: 14/14 MP: 1/1
   247 | D:1      | Reached XP level 2. HP: 19/19 MP: 2/2
  1166 | D:2      | Reached XP level 3. HP: 15/24 MP: 3/3
  1292 | D:2      | Found a stormy altar of Qazlal.
  1405 | D:2      | Noticed Jessica
  1412 | D:2      | Killed Jessica
  1743 | D:2      | Reached XP level 4. HP: 30/30 MP: 4/4
  2073 | D:3      | Noticed Natasha
  2080 | D:3      | Killed Natasha
  2080 | D:3      | Reached skill level 6 in Stealth
  2128 | D:3      | Found a glowing drain.
  2133 | Sewer    | Entered a sewer
  2554 | Sewer    | Reached XP level 5. HP: 36/36 MP: 5/5
  3307 | D:3      | Found an opulent altar of Gozag.
  3311 | D:3      | Found a bloodstained altar of Trog.
  3383 | D:3      | Noticed Natasha
  3393 | D:3      | Killed Natasha
  3561 | D:3      | Noticed Natasha
  3562 | D:3      | Killed Natasha
  3697 | D:3      | Noticed Terence
  3705 | D:3      | Killed Terence
  3937 | D:3      | Reached XP level 6. HP: 34/42 MP: 6/6
  3960 | D:3      | Noticed an orc warrior
  4005 | D:3      | Slain by an orc warrior

Vault maps used:
D:1:      saegor_arrival_simple_e, minivault_4, serial_bayou_lake_a
D:2:      minmay_kobold_bridge, grunt_qazlal_sundering, kennysheep_jessica_study
D:3:      kennysheep_six_static_rooms, minitemple, portal_sewer_entry_e,
          uniq_natasha, uniq_terence, uniq_robin
Sewer:    sewer_co_scattered_pipes

Skill      XL: |  1  2  3  4  5 |
---------------+----------------+-----
Dodging        | 2 |  2.6
Stealth        | 6 |  6.7
Fighting       | 3 |  3.2
Short Blades   | 3 |  3.1
Throwing       | |  2.9

Action                   |  1- 3 |  4- 6 || total
-------------------------+-------+-------++-------
Melee: Dagger            |    50 |    32 ||    82
       Constrict         |    11 |    29 ||    40
       Tentacles         |     4 |    16 ||    20
       Short sword       |       |    80 ||    80
 Fire: Blowgun           |       |     4 ||     4
  Use: Potion            |       |     4 ||     4
       Scroll            |       |     2 ||     2
 Stab: Sleeping          |    10 |    10 ||    20
       Distracted        |       |     1 ||     1
  Eat: Chunk             |     2 |     3 ||     5
       Bread ration      |       |     1 ||     1
Armor: Skin              |     3 |     7 ||    10
Dodge: Dodged            |    17 |    59 ||    76
